 Dungeon Crawl Stone Soup version 0.29.0-4-gdea44cf6ec (webtiles) character file.

Game seed: 16056902923055932823

180 qw the Sneak (level 5, 0/32 HPs)
             Began as a Gargoyle Delver on Sept 10, 2022.
             Slain by a shadow imp (3 damage)
             ... summoned by Eustachio
             ... on level 4 of the Dungeon.
             The game lasted 00:01:04 (4038 turns).

qw the Sneak (Gargoyle Delver)                      Turns: 4038, Time: 00:01:05

Health: 0/32       AC: 17    Str: 17    XL:     5   Next: 60%
Magic:  5/5        EV:  5    Int: 11    God:
Gold:   115        SH:  0    Dex: 11    Spells: 4/4 levels left

rFire   . . .      SeeInvis .   Y - +0 hand axe
rCold   . . .      Faith    .   (no shield)
rNeg    + . .      Spirit   .   d - +0 plate armour
rPois   inf        Reflect  .   h - +1 helmet
rElec   +          Harm     .   (no cloak)
rCorr   .          Rampage  .   (no gloves)
Will    .....                   (no boots)
Stlth   ..........              (no amulet)
HPRegen 0.10/turn               (no ring)
MPRegen 0.09/turn               (no ring)

@: no status effects
A: sickness immunity, AC +4, negative energy resistance 1, electricity
resistance, torment resistance 1, petrification resistance
a: no special abilities


You were on level 4 of the Dungeon.
You visited 1 branch of the dungeon, and saw 5 of its levels.

You collected 115 gold pieces.


Innate Abilities, Weirdness & Mutations

You are immune to sickness and miasma.
Your stone body is resilient. (AC +4)
You are immune to poison.
You resist negative energy. (rN+)
You are resistant to electric shocks. (rElec)
You are resistant to unholy torment.
You are immune to petrification.


   Skills:
 - Level 3.2 Fighting
 + Level 4.1 Axes
 - Level 3.4 Armour
 - Level 1.5 Dodging
 - Level 5.4 Stealth


You had 4 spell levels left.
You didn't know any spells.
Your spell library was empty.

Inventory:

Hand Weapons
 c - a +0 whip
 Y - a +0 hand axe (weapon)
Missiles
 i - 2 boomerangs (quivered)
Armour
 d - a +0 plate armour (worn)
 h - a +1 helmet (worn)
Wands
 g - a wand of digging (3)
Potions
 a - a potion of mutation {unknown}
 b - a potion of flight {unknown}
 f - 2 potions of haste
 j - a potion of curing
 k - a potion of degeneration {unknown}

Dungeon Overview and Level Annotations

Branches:
Dungeon (5/15)             Temple (0/1) D:4

Altars:
Elyvilon

Annotations:
D:4 Eustachio


Message History

You hit the shadow imp but do no damage.
You barely miss the quasit.
The quasit bites you but does no damage.
The quasit claws you but does no damage. x2
The shadow imp hits you but does no damage.
The white imp closely misses you. The quasit barely misses you.
The quasit claws you but does no damage.
The quasit claws you.
You closely miss Eustachio.
Eustachio is severely wounded.
You hit the shadow imp. You barely miss the quasit.
You hit the white imp but do no damage.
The quasit bites you but does no damage.
The quasit claws you but does no damage.
The quasit barely misses you.
The white imp hits you but does no damage.
The shadow imp gestures at you. Pain shoots through your body!
Eustachio casts a spell.
You closely miss Eustachio.
Eustachio is severely wounded.
You hit the quasit. You hit the white imp but do no damage.
You hit the shadow imp.
The quasit bites you but does no damage.
The quasit barely misses you.
The quasit claws you but does no damage.
The white imp gestures at you.
The puff of frost hits you but does no damage.
The shadow imp gestures at you. Pain shoots through your body!
Eustachio casts a spell.
Eustachio blinks!
The quasit bites you but does no damage.
The quasit claws you but does no damage. x2
You hit the shadow imp.
The shadow imp is heavily wounded.
You hit the river rat. You hit the quasit but do no damage.
You completely miss the white imp. The shadow imp hits you.
You die...

#####...........#
###########.# ##
#######%########
.#
#...............
<#
#.#####.######.#
.# #.## ##.# .#
#..##....# .#
#5.5..# .#
#5@#.## .#
......##rr# ##
###..# .r# #.#
..# #. r.. # ...@
.##.. ## #..


You could see Eustachio, a quasit (summoned), 2 river rats, a white imp
(summoned), a shadow imp (summoned) and 2 quokkas.

Vanquished Creatures
  2 iguanas (D:4)
  Jessica (D:3)
  Robin (D:2)
  3 adders
  A worm (D:2)
  2 dart slugs
  6 ball pythons
  3 bats
  4 endoplasms
  3 giant cockroaches
  14 goblins
  4 hobgoblins (D:2)
  3 quokkas
  A frilled lizard (D:1)
  3 kobolds
  A rat (D:2)
52 creatures vanquished.

Vanquished Creatures (others)
  2 demonic plants (D:1)
  A withered plant (D:1)
3 creatures vanquished.

Grand Total: 55 creatures vanquished

Notes
Turn   | Place    | Note
-------+----------+-------------------------------------------
     0 | D:5      | qw the Gargoyle Delver began the quest for the Orb.
     0 | D:5      | Reached XP level 1. HP: 14/14 MP: 1/1
     0 | D:5      | 0 ||| qw: Version: 0.1-a-116-g5d60599
     0 | D:5      | 0 ||| qw: Game counter: 9309
     0 | D:5      | 0 ||| qw: Always use a shield: true
     0 | D:5      | 0 ||| qw: God list: Okawaru
     0 | D:5      | 0 ||| qw: Allow faded altars: false
     0 | D:5      | 0 ||| qw: Do Orc after D:15 true
     0 | D:5      | 0 ||| qw: Do second Lair branch before Depths: true
     0 | D:5      | 0 ||| qw: Lair rune preference: random
     0 | D:5      | 0 ||| qw: Plans: Normal
     0 | D:5      | 0 ||| PLANNING D:1-11
    12 | D:5      | 12 ||| DROPPING scroll of fog.
    13 | D:5      | 13 ||| DROPPING scroll of magic mapping.
    14 | D:5      | 14 ||| DROPPING scroll of fear.
    55 | D:3      | 55 ||| Stepping ~*~*~tactically~*~*~ (water).
   153 | D:3      | Noticed Jessica
   154 | D:3      | 154 ||| Stepping ~*~*~tactically~*~*~ (stealth).
   170 | D:3      | HP: 3/14 [Jessica/+0 dagger (2)]
   174 | D:3      | Killed Jessica
   175 | D:3      | Reached skill level 3 in Axes
   175 | D:3      | Reached XP level 2. HP: 2/19 MP: 2/2
   175 | D:3      | Reached XP level 3. HP: 3/23 MP: 3/3
   202 | D:3      | 202 ||| Stepping ~*~*~tactically~*~*~ (stealth).
   210 | D:3      | HP: 1/23 [frozen (5)]
   595 | D:2      | 595 ||| Stepping ~*~*~tactically~*~*~ (stealth).
   597 | D:2      | 597 ||| Stepping ~*~*~tactically~*~*~ (stealth).
   691 | D:2      | 691 ||| Stepping ~*~*~tactically~*~*~ (stealth).
   763 | D:2      | 763 ||| Stepping ~*~*~tactically~*~*~ (stealth).
   765 | D:2      | 765 ||| Stepping ~*~*~tactically~*~*~ (stealth).
   766 | D:2      | 766 ||| Stepping ~*~*~tactically~*~*~ (stealth).
   767 | D:2      | 767 ||| Stepping ~*~*~tactically~*~*~ (stealth).
   768 | D:2      | Noticed Robin
   782 | D:2      | HP: 4/23 [Robin/+0 dagger (2)]
   786 | D:2      | Killed Robin
   787 | D:2      | Reached XP level 4. HP: 5/28 MP: 4/4
  1171 | D:2      | 1171 ||| UPGRADING to +0 plate armour.
  1181 | D:2      | 1181 ||| DROPPING +0 leather armour.
  1182 | D:2      | 1182 ||| UPGRADING to +1 helmet.
  1187 | D:2      | 1187 ||| READING scroll labelled ZUL XUODAFOA.
  1195 | D:2      | 1195 ||| STAIRDANCE
  1409 | D:1      | Found a faded altar of an unknown god.
  1545 | D:1      | Reached skill level 1 in Armour
  2180 | D:1      | 2180 ||| READING scroll labelled YPRIMENGIN.
  2230 | D:2      | 2230 ||| DROPPING +0 club.
  2353 | D:2      | 2353 ||| Stepping ~*~*~tactically~*~*~ (stealth).
  2355 | D:2      | 2355 ||| Stepping ~*~*~tactically~*~*~ (stealth).
  2783 | D:2      | Found a white marble altar of Elyvilon.
  3340 | D:3      | Reached XP level 5. HP: 31/32 MP: 5/5
  3705 | D:3      | 3705 ||| DROPPING scarf of invisibility.
  3706 | D:3      | 3706 ||| DRINKING 2 silvery potions.
  3930 | D:4      | Reached skill level 3 in Armour
  3987 | D:4      | Noticed Eustachio
  3992 | D:4      | Found a staircase to the Ecumenical Temple.
  3993 | D:4      | 3993 ||| PLANNING TEMPLE
  3993 | D:4      | 3993 ||| DRINKING 2 red potions.
  4012 | D:4      | HP: 6/32 [quokka[Eustachio] (4)]
  4013 | D:4      | 4013 ||| DRINKING potion of heal wounds.
  4037 | D:4      | HP: 3/32 [shadow imp/nerve-wracking pain[Eustachio] (7)]
  4038 | D:4      | Slain by a shadow imp

Levels and vault maps discovered:
D:1:      dpeg_arrival_round_b, layout_basic, shapermc_ecumenical_altar_gd,
          patterned_corridor
D:2:      minmay_recursive_quarters, layout_loops_ring, basic_altar,
          corexii_hall_statues_u, uniq_robin
D:3:      layout_loops_ring, serial_rivers, chequers_serial_rivers_micro_c,
          chequers_serial_rivers_marsh, chequers_serial_rivers_large_a,
          chequers_serial_rivers_large_b, chequers_serial_rivers_micro_b,
          chequers_serial_rivers_micro_c, lemuel_old_faithful, uniq_jessica
D:4:      layout_loops_ring, kennysheep_little_box, minmay_temple_entry_wispy,
          uniq_eustachio
D:5:      layout_cave_pools, lemuel_doored_altar, kennysheep_windowed_goal,
          uniq_grinder

Skill      XL: |  1  2  3  4  5 |
---------------+----------------+-----
Axes           | 3 4 |  4.1
Armour         | 2 3 |  3.4
Fighting       | |  3.2
Dodging        | |  1.5
Stealth        | |  5.4

Action                   |  1- 3 |  4- 6 || total
-------------------------+-------+-------++-------
Melee: Hand axe          |    68 |   153 ||   221
       Punch             |       |     2 ||     2
Throw: Boomerang         |       |    27 ||    27
  Use: Scroll            |       |     2 ||     2
       Potion            |       |     3 ||     3
 Stab: Sleeping          |     1 |       ||     1
Armor: Leather armour    |    31 |     5 ||    36
       Plate armour      |       |   158 ||   158
Dodge: Dodged            |    32 |    50 ||    82

Table legend:
 A = Non-vault XP
 B = Vault XP
 C = Vault XP percentage of total XP
 D = Non-vault monster count
 E = Vault monster count
 F = Vault count percentage of total count
                 A         B        C        D         E       F
            +---------+---------+-------+---------+---------+-------
      Total |     176 |      82 |  31.8 |      35 |      17 |  32.7
            +---------+---------+-------+---------+---------+-------
        D:1 |      22 |       0 |   0.0 |      11 |       0 |   0.0
        D:2 |      29 |      45 |  60.8 |      10 |      16 |  61.5
        D:3 |      47 |      37 |  44.0 |      12 |       1 |   7.7
        D:4 |      78 |       0 |   0.0 |       2 |       0 |   0.0
            +---------+---------+-------+---------+---------+-------
